 Dungeon Crawl Stone Soup version 0.18.1-6-gd335043 (webtiles) character file.

45545 pipel the Protected (level 14, -2/157 HPs)
             Began as a Demonspawn Ice Elementalist on May 18, 2016.
             Was an Initiate of Gozag.
             Slain by Snorg (6 damage)
             ... on level 7 of the Lair of Beasts on May 21, 2016.
             The game lasted 02:00:23 (24205 turns).

pipel the Protected (Demonspawn Ice Elementalist)  Turns: 24205, Time: 02:00:23

Health: -2/157     AC: 31    Str:  9    XL:     14   Next: 1%
Magic:  0/19       EV:  2    Int: 21    God:    Gozag
Gold:   3630       SH:  0    Dex: 13    Spells: 5 memorised, 9 levels left

rFire  . . .     SeeInvis .     a - +2 scimitar (flame)
rCold  . . .     Gourm    .     (armour currently unavailable)
rNeg   + + +     Faith    .     (no shield)
rPois  +         Spirit   +     (helmet currently unavailable)
rElec  .         Dismiss  .     (cloak currently unavailable)
rCorr  .         Reflect  .     (gloves currently unavailable)
SustAt .         Harm     .     (boots currently unavailable)
MR     ++...     NoTele   +     (no amulet)
Stlth  +++.......               g - ring of protection from magic
                                S - +4 ring of protection

@: tree-form, very slightly contaminated, invisible, very resistant to hostile
enchantments, fairly stealthy
A: (hooves 0), rough black scales 1, demonic guardian 1, magic shield, magic
regeneration
a: Potion Petition, Call Merchant, Bribe Branch, Renounce Religion


You were on level 7 of the Lair of Beasts.
You worshipped Gozag.
Gozag was noncommittal.
You were not hungry.
You were a tree.
You visited 2 branches of the dungeon, and saw 18 of its levels.

You collected 5412 gold pieces.
You spent 156 gold pieces at shops.
You paid 1626 gold pieces to Gozag.

Inventory:

Hand Weapons
 a - a +2 scimitar of flaming (weapon)
 b - a +0 blowgun
 c - a +1 trident of draining
 T - the +7 whip of True Grit {slash, *Drain +Fly rElec SInv}
   (You found it on level 2 of the Lair of Beasts)

   It inflicts extra damage upon your enemies.
   It insulates you from electricity.
   It lets you see invisible.
   It lets you fly.
   It causes draining when unequipped.
 U - the +0 rapier of the Ten Curses {speed, rElec rC+++ MP+9 Stlth-}
   (You found it on level 2 of the Lair of Beasts)

   Attacks with this weapon are significantly faster.
   It renders you almost immune to cold.
   It insulates you from electricity.
   It affects your magic capacity (+9).
   It makes you less stealthy.
Missiles
 z - 34 poisoned needles
 B - 5 tomahawks (quivered)
Armour
 i - a +1 helmet (melded)
 n - a +0 pair of gloves (melded)
 s - a +3 chain mail of poison resistance (melded)
Jewellery
 g - a ring of protection from magic (right branch)
 h - the ring "Cuehig" {Ice Int+3}
   (You bought it in a shop on level 1 of the Lair of Beasts)

   [ring of ice]

   It enhances your ice magic, and weakens your fire magic.
   It affects your intelligence (+3).
   It makes you vulnerable to fire.
   It protects you from cold.
 l - an uncursed ring of flight
 o - an uncursed amulet of harm
 H - an uncursed ring of wizardry
 M - an uncursed ring of positive energy
 N - a +2 ring of intelligence
 P - an uncursed ring of wizardry
 S - a +4 ring of protection (left branch)
 W - an uncursed ring of protection from fire
 Y - an uncursed ring of resist corrosion
Wands
 e - a wand of flame (3/48)
 E - a wand of heal wounds (5/9)
 F - a wand of random effects (5/48)
 L - a wand of confusion (5/48)
 V - a wand of disintegration (5/24)
Scrolls
 j - a scroll of recharging
 m - 2 scrolls of enchant armour
 p - 3 scrolls of remove curse
 r - a scroll of blinking
 u - a scroll of brand weapon
 w - 3 scrolls of noise
 A - 5 scrolls of teleportation
 G - 3 scrolls of fear
 O - 10 scrolls of identify
 Q - 4 scrolls of amnesia
 R - 2 scrolls of fog
 X - 2 scrolls of magic mapping
Potions
 k - 5 potions of heal wounds
 t - 4 potions of lignification
 x - 5 potions of flight
 C - 4 potions of agility
 D - 5 potions of curing
 I - 2 potions of might
 J - 2 potions of ambrosia
Miscellaneous
 d - a plain deck of wonders
 q - a plain deck of wonders
 y - a plain deck of defence {drawn: 3}
Comestibles
 v - 6 meat rations
 K - 2 bread rations
 Z - 7 fruits


   Skills:
 - Level 8.2 Fighting
 - Level 2.0(6.1) Short Blades
 + Level 9.2(9.4) Long Blades
 - Level 0.1 Polearms
   Level 9.5(9.8) Slings
 - Level 3.6(7.0) Throwing
 * Level 11.8 Armour
 - Level 10.1 Dodging
 - Level 3.0 Stealth
 - Level 3.7 Spellcasting
 - Level 1.2 Conjurations
 - Level 0.2 Summonings
 - Level 4.0 Ice Magic
 - Level 0.8 Evocations


You had 9 spell levels left.
You knew the following spells:

 Your Spells              Type           Power        Failure   Level  Hunger
a - Freeze                Ice            ###.         1%          1    None
b - Throw Frost           Conj/Ice       ###...       8%          2    ##.....
c - Ozocubu's Armour      Chrm/Ice       ##......     21%         3    ###....
d - Summon Ice Beast      Ice/Summ       ##......     54%         4    ####...
e - Apportation           Tloc           #.........   14%         1    None


Dungeon Overview and Level Annotations

Branches:
Dungeon (11/15)            Temple (0/1) D:4            Lair (7/8) D:8
  Swamp (0/4) Lair:3       Spider (0/4) Lair:3          Orc (0/2) D:10
  Slime: Lair:6-8

Altars:
Cheibriados
Dithmenos
Elyvilon
Gozag
Makhleb
Nemelex Xobeh
Pakellas
Qazlal
Ru
Sif Muna
Yredelemnul
The Shining One

Shops:
D:2 *   Lair:1 !*

Annotations:
D:10 exclusion: gargoyle
D:11 exclusion: killer bee
Lair:6 exclusion: downstairs
Lair:7 Snorg


Innate Abilities, Weirdness & Mutations

((You have hoof-like feet.))
(You are partially covered in rough black scales (AC +4, Dex -1).)
A weak demonic guardian rushes to your aid.
When hurt, damage is shared between your health and your magic reserves.
You regenerate magic rapidly.


Message History

Press: ? - help, Shift-Dir - straight line, f - Snorg
Aim: Snorg (severely wounded, berserk, fast, unusually strong)
You throw a tomahawk. The tomahawk barely misses Snorg.
You strike the helpless Snorg from behind!
You slash Snorg! You burn Snorg.
Snorg is severely wounded.
Snorg bites you!
* * * LOW HITPOINT WARNING * * *
Snorg claws you but does no damage. x2
You take 8 damage, and have 31/157 hp.
Unknown command.
You barely miss Snorg.
Snorg is severely wounded.
Snorg bites you!
* * * LOW HITPOINT WARNING * * *
Snorg claws you but does no damage. x2; Snorg bites you!!
* * * LOW HITPOINT WARNING * * *
Snorg claws you!
You die...
Your body crumbles into a pile of gold.

#. ##......... #...##..
.........# #.......
#........###.......
####.......##.........
.##.....................
........................
#P(.............#.......
..P..PP.$$...#..#.......
#(...($♣$......#........
+.....T.......###.......
..........####(........#
##....P.
....#....#####....+###.#
##......
#.....#P.##..##....# ###
#P.P....
.........###......P##
##.#.#.P
....................##
##.....
.........#.........#.#
#P.#.P.
.........##..........#
##.....


You could see Snorg (berserk).

Vanquished Creatures
  7 hydras
  A catoblepas (Lair:7)
  Erica (D:8)
  4 death yaks
  A queen ant (Lair:4)
  3 griffons
  2 black mambas
  9 elephants
  Psyche (D:8)
  11 spiny frogs
  11 komodo dragons
  4 rime drakes
  A troll (D:9)
  A polar bear (Lair:2)
  A wind drake (Lair:1)
  A jumping spider (Lair:3)
  18 blink frogs
  A redback (Lair:3)
  5 basilisks
  A hungry ghost (D:7)
  33 yaks
  A steam dragon (D:8)
  5 hippogriffs
  20 soldier ants
  9 porcupines
  12 water moccasins
  2 black bears
  2 orc warriors
  5 ice beasts
  2 sky beasts
  4 ogres
  2 wasps
  27 wolves
  3 phantoms
  6 centaurs
  17 crocodiles
  A big kobold (D:8)
  21 giant frogs
  A scorpion (D:9)
  3 wights (D:8)
  An electric eel (Lair:2)
  2 howler monkeys
  4 crimson imps
  A centaur zombie (D:5)
  A jelly (D:7)
  3 giant frog skeletons
  5 orc priests
  3 hounds
  15 orc wizards
  7 iguanas
  24 worker ants
  Ijyb (D:3)
  Terence (D:2)
  A killer bee zombie (D:8)
  6 sheep (Lair:4)
  A hound skeleton (D:6)
  Robin (D:3)
  4 gnolls (D:7)
  9 adders
  14 river rats
  3 adder skeletons
  2 worms
  A dart slug (D:3)
  7 giant geckos
  32 orcs
  3 giant cockroaches
  17 goblins
  11 hobgoblins
  13 jackals
  2 quokkas
  A ball python (D:3)
  10 bats
  A giant gecko skeleton (D:7)
  7 giant newts
  A jackal skeleton (D:9)
  A jackal zombie (D:7)
  11 kobolds
  2 quokka skeletons (D:5)
  A quokka zombie (D:8)
  9 rats
  A fungus (Lair:6)
  A plant (Lair:4)
501 creatures vanquished.

Vanquished Creatures (collateral kills)
  An elephant (Lair:3)
  2 spiny frogs
  A jumping spider (Lair:3)
  A blink frog (Lair:1)
  6 yaks
  Sigmund (D:3)
  A porcupine (Lair:3)
  An ogre (D:6)
  A giant frog (D:6)
  A howler monkey (D:4)
  A worker ant (Lair:4)
  2 orcs
  A fungus (Lair:1)
20 creatures vanquished.

Vanquished Creatures (others)
  18 fungi
  8 plants
26 creatures vanquished.

Grand Total: 547 creatures vanquished

Notes
Turn   | Place    | Note
--------------------------------------------------------------
     0 | D:1      | pipel the Demonspawn Ice Elementalist began the quest for the Orb.
     0 | D:1      | Reached XP level 1. HP: 13/13 MP: 3/3
   247 | D:1      | Gained mutation: You have large cloven feet. [demonic ancestry]
   247 | D:1      | Reached XP level 2. HP: 19/19 MP: 1/5
   724 | D:1      | Learned a level 2 spell: Throw Frost
  1096 | D:2      | Reached XP level 3. HP: 18/24 MP: 0/6
  1188 | D:2      | Found a basalt altar of Yredelemnul.
  1267 | D:2      | Found an oddly glowing altar of Pakellas.
  1306 | D:2      | Noticed Terence
  1339 | D:2      | Killed Terence
  1339 | D:2      | Reached skill level 1 in Slings
  1761 | D:2      | Gained mutation: You are partially covered in rough black scales (AC +4, Dex -1). [demonic ancestry]
  1761 | D:2      | Reached XP level 4. HP: 30/30 MP: 7/7
  1801 | D:2      | Found an opulent altar of Gozag.
  1806 | D:2      | Found Gozag's Platinum Reserve.
  1825 | D:2      | Became a worshipper of Gozag Ym Sagoz the Greedy
  1837 | D:2      | Found a snail-covered altar of Cheibriados.
  2496 | D:3      | Found a deep blue altar of Sif Muna.
  2814 | D:3      | Gained mutation: A weak demonic guardian rushes to your aid. [demonic ancestry]
  2814 | D:3      | Reached XP level 5. HP: 35/35 MP: 9/9
  2880 | D:3      | Noticed Sigmund
  2994 | D:3      | Noticed Robin
  3012 | D:3      | Killed Robin
  3173 | D:3      | Killed Sigmund
  3173 | D:3      | Reached XP level 6. HP: 41/41 MP: 1/11
  3472 | D:3      | Noticed Ijyb
  3485 | D:3      | Killed Ijyb
  3872 | D:4      | Found a staircase to the Ecumenical Temple.
  4021 | D:4      | Found a sacrificial altar of Ru.
  4191 | D:5      | Entered Level 5 of the Dungeon
  4234 | D:5      | Learned a level 3 spell: Ozocubu's Armour
  4343 | D:5      | Reached skill level 1 in Short Blades
  4398 | D:5      | Found a stormy altar of Qazlal.
  4451 | D:5      | Reached XP level 7. HP: 41/46 MP: 9/12
  4913 | D:5      | Reached skill level 1 in Fighting
  5256 | D:5      | Found an oddly glowing altar of Pakellas.
  5443 | D:5      | Found a burning altar of Makhleb.
  5762 | D:6      | Found a glowing golden altar of the Shining One.
  5854 | D:6      | Gained mutation: When hurt, damage is shared between your health and your magic reserves. [demonic ancestry]
  5854 | D:6      | Reached XP level 8. HP: 42/54 MP: 5/13
  5979 | D:6      | Reached skill level 5 in Dodging
  6030 | D:6      | Reached skill level 5 in Slings
  6098 | D:6      | Found a sparkling altar of Nemelex Xobeh.
  6486 | D:6      | Found a white marble altar of Elyvilon.
  7020 | D:7      | Reached XP level 9. HP: 61/61 MP: 12/14
  7258 | D:7      | Found a shadowy altar of Dithmenos.
  7937 | D:8      | Found a staircase to the Lair.
  8073 | D:8      | Noticed Erica
  8087 | D:8      | Killed Erica
  8530 | D:8      | Noticed Psyche
  8545 | D:8      | Killed Psyche
  8545 | D:8      | Gained mutation: You have hoof-like feet. [demonic ancestry]
  8545 | D:8      | Reached XP level 10. HP: 25/68 MP: 0/15
  8705 | D:8      | Reached skill level 1 in Throwing
  8825 | D:9      | Noticed a griffon
  9087 | D:9      | Killed a griffon
  9401 | D:9      | Learned a level 4 spell: Summon Ice Beast
  9454 | D:9      | Reached skill level 1 in Long Blades
  9557 | D:9      | Learned a level 1 spell: Apportation
 10262 | D:10     | Entered Level 10 of the Dungeon
 10319 | D:10     | Found a staircase to the Orcish Mines.
 10787 | D:10     | Noticed a gargoyle
 11456 | Lair:1   | Entered Level 1 of the Lair of Beasts
 11856 | Lair:1   | Reached XP level 11. HP: 60/77 MP: 13/16
 12335 | Lair:1   | Got a slimy robe
 12337 | Lair:1   | Identified the +0 robe of Dim Light {rF+ Int+3} (You found it on level 1 of the Lair of Beasts)
 13157 | Lair:2   | Reached skill level 10 in Dodging
 13322 | Lair:2   | Reached skill level 5 in Fighting
 13443 | Lair:2   | Found a glowing golden altar of the Shining One.
 13563 | Lair:1   | Bought a scroll labeled PUSKAI GIOJ for 26 gold pieces
 13563 | Lair:1   | Bought a scintillating lapis lazuli ring for 130 gold pieces
 13571 | Lair:1   | Identified the ring "Cuehig" {Ice Int+3} (You bought it in a shop on level 1 of the Lair of Beasts)
 13610 | Lair:2   | Reached skill level 1 in Armour
 13898 | Lair:2   | Got an iridescent whip
 13902 | Lair:2   | Got a steaming rapier
 13903 | Lair:2   | Identified the cursed +0 rapier of the Ten Curses {speed, rElec rC+++ MP+9 Stlth-} (You found it on level 2 of the Lair of Beasts)
 13905 | Lair:2   | Identified the +7 whip of True Grit {slash, *Drain +Fly rElec SInv} (You found it on level 2 of the Lair of Beasts)
 13995 | Lair:2   | Reached skill level 2 in Armour
 14484 | Lair:2   | Reached skill level 3 in Armour
 14959 | Lair:3   | Found a staircase to the Swamp.
 15011 | Lair:3   | Reached skill level 4 in Armour
 15060 | Lair:3   | Noticed an eight-headed hydra
 15075 | Lair:3   | Killed a four-headed hydra
 15265 | Lair:2   | Found a glowing golden altar of the Shining One.
 15439 | Lair:3   | Reached skill level 5 in Long Blades
 15485 | Lair:3   | Reached skill level 5 in Armour
 15485 | Lair:3   | Reached XP level 12. HP: 55/89 MP: 12/17
 15940 | Lair:3   | Reached skill level 6 in Armour
 16466 | Lair:3   | Found a hole to the Spider Nest.
 16917 | Lair:4   | Noticed a five-headed hydra
 16928 | Lair:4   | Killed a three-headed hydra
 17028 | Lair:4   | Reached skill level 7 in Armour
 17181 | Lair:4   | Noticed a queen ant
 17210 | Lair:4   | Killed a queen ant
 17543 | Lair:4   | Reached skill level 8 in Armour
 17830 | Lair:4   | Noticed a five-headed hydra
 19107 | Lair:5   | Reached XP level 13. HP: 43/98 MP: 12/18
 19349 | Lair:5   | Reached skill level 9 in Armour
 19490 | Lair:3   | Found a staircase to the Swamp.
 19634 | Lair:3   | Found a hole to the Spider Nest.
 20706 | Lair:6   | Reached skill level 10 in Armour
 22071 | Lair:5   | Reached skill level 11 in Armour
 23581 | Lair:7   | Noticed Snorg
 24138 | Lair:6   | Gained mutation: You regenerate magic rapidly. [demonic ancestry]
 24138 | Lair:6   | Reached XP level 14. HP: 83/105 MP: 15/19
 24205 | Lair:7   | HP: 4/157 [Snorg (17)]
 24205 | Lair:7   | Slain by Snorg

Skill      XL: |  1  2  3  4  5  6  7  8  9 10 11 12 13 |
---------------+----------------------------------------+-----
Ice Magic      | 3 4 |  4.0
Stealth        | 2 3 |  3.0
Slings         | 1 2 4 6 8 9 |  9.5
Dodging        | 2 3 4 6 7 9 10 | 10.1
Spellcasting   | 3 |  3.7
Short Blades   | 1 2 |  2.0
Fighting       | 1 2 4 6 8 |  8.2
Throwing       | 3 |  3.6
Long Blades    | 2 5 6 9 |  9.2
Armour         | 5 8 11 | 11.8
Polearms       | |  0.1
Conjurations   | |  1.2
Summonings     | |  0.2
Evocations     | |  0.8

Action                   |  1- 3 |  4- 6 |  7- 9 | 10-12 | 13-15 || total
-------------------------+-------+-------+-------+-------+-------++-------
Melee: Dagger            |     2 |   141 |   226 |    60 |       ||   429
       Kick              |       |    25 |    45 |   210 |   126 ||   406
       Spear             |       |       |    35 |       |       ||    35
       Trident           |       |       |     1 |     6 |       ||     7
       Scimitar          |       |       |       |   844 |   606 ||  1450
       Quarterstaff      |       |       |       |    79 |       ||    79
 Fire: Hunting sling     |    66 |    49 |   229 |    39 |       ||   383
       Blowgun           |       |       |       |   262 |   118 ||   380
Throw: Tomahawk          |       |       |     3 |   107 |    36 ||   146
 Cast: Freeze            |    27 |    38 |    70 |    96 |       ||   231
       Throw Frost       |     6 |    18 |    30 |    14 |       ||    68
       Ozocubu's Armour  |       |     2 |       |     4 |       ||     6
       Summon Ice Beast  |       |       |       |     8 |       ||     8
Invok: Call Merchant     |       |       |       |     2 |       ||     2
Evoke: Wand              |       |       |     2 |    22 |    20 ||    44
       Deck              |       |       |       |     2 |     1 ||     3
  Use: Scroll            |       |     7 |     7 |    15 |     2 ||    31
       Potion            |       |       |       |     8 |     2 ||    10
 Stab: Sleeping          |       |     3 |     2 |     2 |       ||     7
       Distracted        |       |     1 |     1 |     6 |     8 ||    16
       Confused          |       |       |     1 |     7 |       ||     8
       Invisible         |       |       |       |       |     1 ||     1
  Eat: Chunk             |     3 |       |       |       |       ||     3
       Bread ration      |       |     2 |     3 |     6 |     1 ||    12
       Beef jerky        |       |       |     1 |     3 |     3 ||     7
       Pizza             |       |       |     1 |       |       ||     1
       Meat ration       |       |       |       |     1 |     2 ||     3
       Fruit             |       |       |       |     2 |       ||     2
Armor: Robe              |     3 |    70 |    93 |   107 |       ||   273
       Chain mail        |       |       |       |   641 |   506 ||  1147
       Skin              |       |       |       |       |    42 ||    42
Dodge: Dodged            |    17 |   103 |   200 |   496 |   220 ||  1036
